 Dungeon Crawl Stone Soup version 0.31-a0-1066-g35875b34c7 (webtiles) character file.

Game seed: 15405999784978300236

103 funkygono the Firebug (level 4, -4/7 HPs)
             Began as a Deep Elf Fire Elementalist on Nov 22, 2023.
             Killed from afar by Ijyb (7 damage)
             ... with a puff of flame
             ... on level 3 of the Dungeon.
             The game lasted 00:04:33 (2203 turns).

funkygono the Firebug (Deep Elf Fire Elementalist)  Turns: 2203, Time: 00:04:35

Health: -4/7       AC:  2    Str:  5    XL:     4   Next: 51%
Magic:  2/11       EV: 12    Int: 22    God:
Gold:   96         SH:  0    Dex: 15    Spells: 4/10 levels left

rFire   . . .        c - melded +0 dagger
rCold   . . .        (shield currently unavailable)
rNeg    . . .        a - +0 robe
rPois   .            (no helmet)
rElec   .            (no cloak)
rCorr   .            (no gloves)
SInv    .            (no boots)
Will    .....        (no amulet)
Stlth   +            (no ring)
HPRegen 0.21/turn    (no ring)
MPRegen 0.12/turn

%: no passive effects
@: flux-form, very slightly contaminated, glowing
A: glow, contaminating, reduced hp
a: Begin Untransformation


You were on level 3 of the Dungeon.
You were something dangerously unstable.
You visited 1 branch of the dungeon, and saw 3 of its levels.

You collected 96 gold pieces.

Inventory:

Hand Weapons
 c - a +0 dagger (melded)
Armour
 a - a +0 robe (worn)
Jewellery
 m - a ring of positive energy
Talismans
 k - a flux talisman (active)
Scrolls
 e - a scroll of amnesia
 g - a scroll of fog
 l - a scroll of revelation {unknown}
Potions
 b - a potion of magic
 d - 4 potions of brilliance
 f - a potion of cancellation {unknown}
 h - 3 potions of curing {unknown}
 i - a potion of berserk rage {unknown}
 j - a potion of lignification {unknown}


   Skills:
 + Level 2.6 Dodging
 + Level 2.5 Stealth
 + Level 3.9 Spellcasting
 + Level 2.4 Conjurations
 + Level 4.8 Fire Magic


You had 4 spell levels left.
You knew the following spells:

 Your Spells              Type           Power      Damage    Failure   Level
a - Foxfire               Conj/Fire      80%        2x1d8     2%          1
b - Scorch                Fire           50%        2d7       2%          2
c - Inner Flame           Hex/Fire       14%        N/A       13%         3

Your spell library contained the following spells:

 Spells                   Type           Power      Damage    Failure   Level
 Momentum Strike          Conj/Tloc      18%        3d8       11%         2
 Summon Small Mammal      Summ           16%        N/A       12%         1
 Volatile Blastmotes      Fire/Tloc      28%        2d12      13%         3
 Blink                    Tloc           8%         N/A       17%         2
 Lesser Beckoning         Tloc           8%         N/A       17%         2
 Flame Wave               Conj/Fire      20%        2d7       26%         4
 Call Canine Familiar     Summ           4%         N/A       34%         3
 Summon Guardian Golem    Hex/Summ       4%         N/A       34%         3


Dungeon Overview and Level Annotations

Branches:
Dungeon (3/15)

Altars:
Ashenzari
Hepliaklqana
Ru
The Shining One

Annotations:
D:3 Ijyb


Message History

You now have 82 gold pieces (gained 6).
You now have 96 gold pieces (gained 14).
A hobgoblin comes into view.
The hobgoblin shouts!
Casting: Foxfire (safe; 2% risk of failure)
Confirm with . or Enter, or press ? or * to list all spells.
You conjure some foxfire!
Casting: Foxfire (safe; 2% risk of failure)
Confirm with . or Enter, or press ? or * to list all spells.
You conjure some foxfire!
The foxfire hits the hobgoblin.
The hobgoblin is almost dead.
Ijyb the Twisted Goblin comes into view.
She is wielding a +0 dagger of freezing and carrying a wand of flame.
The foxfire hits the hobgoblin.
You kill the hobgoblin!
Casting: Foxfire (safe; 2% risk of failure)
Confirm with . or Enter, or press ? or * to list all spells.
You miscast Scorch.
You are very lightly contaminated with residual magic.
Nothing appears to happen.
The foxfire hits Ijyb.
Ijyb is lightly wounded.
Casting: Scorch (safe; 2% risk of failure)
Confirm with . or Enter, or press ? or * to list all spells.
You conjure some foxfire!
Ijyb hits you but does no damage.
Casting: Foxfire (safe; 2% risk of failure)
Confirm with . or Enter, or press ? or * to list all spells.
Flames lash Ijyb but do no damage.
The foxfire hits Ijyb but does no damage.
Ijyb is lightly wounded.
The foxfire hits Ijyb.
Ijyb is moderately wounded.
Ijyb hits you with a +0 dagger of freezing.
Ijyb freezes you.
Casting: Scorch (safe; 2% risk of failure)
Confirm with . or Enter, or press ? or * to list all spells.
Flames lash Ijyb.
Ijyb is moderately wounded.
Ijyb's fire resistance burns away.
Ijyb zaps a wand.
The puff of flame hits you!
Ouch! That really hurt!
You die...

.....#.. ....... # ......
. .. .†..# .. ... .... ..
... ..# .#
...#.##g##..### ....
........p....... ......
#...#.##§#...#.. ......
#...#.##.# ..#.. ......
#...#....#...#... #....
.........#....... ....
.........#....... #.
.........#....†..#######.
...##...##.....##......#.
.......................#.


You could see Ijyb (combustible).

Vanquished Creatures
  4 adders
  A worm (D:2)
  3 dart slugs (D:2)
  An orc (D:3)
  3 bats
  3 endoplasms
  2 giant cockroaches
  4 goblins
  9 hobgoblins
  6 jackals (D:2)
  4 kobolds (D:1)
  2 quokkas
  4 ball pythons
  2 frilled lizards
  8 rats
56 creatures vanquished.

Vanquished Creatures (others)
  167 foxfires
167 creatures vanquished.

Grand Total: 223 creatures vanquished

Notes
Turn   | Place    | Note
-------+----------+-------------------------------------------
     0 | D:1      | funkygono the Deep Elf Fire Elementalist began the quest
                  | for the Orb.
     0 | D:1      | Reached XP level 1. HP: 10/10 MP: 6/6
   178 | D:1      | Reached XP level 2. HP: 15/15 MP: 1/8
   183 | D:1      | Learned a level 2 spell: Scorch
   440 | D:1      | Reached skill level 4 in Fire Magic
   594 | D:1      | Found a faded altar of an unknown god.
  1031 | D:2      | Reached XP level 3. HP: 19/19 MP: 6/9
  1819 | D:2      | Learned a level 3 spell: Inner Flame
  1836 | D:3      | Reached XP level 4. HP: 22/24 MP: 3/11
  2063 | D:3      | Found a sacrificial altar of Ru.
  2066 | D:3      | Found a glowing golden altar of the Shining One.
  2071 | D:3      | Found a hazy altar of Hepliaklqana.
  2073 | D:3      | Found a broken altar of Ashenzari.
  2198 | D:3      | Noticed Ijyb
  2203 | D:3      | Killed from afar by Ijyb

Illustrated notes

Levels and vault maps discovered:
D:1:      minmay_arrival_diagonal_passages, layout_rooms,
          hellmonk_ecumenical_altar_crossroads
D:2:      layout_rooms
D:3:      layout_basic, nicolae_overflow_macrodata_refinement, uniq_ijyb,
          uniq_jessica

Skill      XL: |  1  2  3 |
---------------+----------+-----
Fire Magic     | 4 |  4.8
Conjurations   | 2 |  2.4
Dodging        | |  2.6
Stealth        | |  2.5
Spellcasting   | |  3.9

Action                     |  1- 3 |  4- 6 || total
---------------------------+-------+-------++-------
  Melee: Dagger            |     9 |     1 ||    10
         Unarmed           |       |     3 ||     3
   Cast: Foxfire           |    76 |    18 ||    94
         Scorch            |    11 |     3 ||    14
    Use: Scroll            |     5 |       ||     5
 Armour: Robe              |    15 |     5 ||    20
  Dodge: Dodged            |     7 |     4 ||    11
   Form: Flux              |       |     1 ||     1

Table legend: (Time is in decaauts)
 A = Elapsed time spent in this place.
 B = Non-inter-level travel time spent in this place.
 C = Inter-level travel time spent in this place.
 D = Time resting spent in this place.
 E = Time spent auto-exploring this place.
 F = Levels seen in this place.
 G = Mean time per level.
                   A        B        C        D        E       F      G
               +--------+--------+--------+--------+--------+-----+--------+
         Total |   2201 |   2185 |     16 |      0 |   1820 |   3 |  733.7 |
       Dungeon |   2201 |   2185 |     16 |      0 |   1820 |   3 |  733.7 |
               +--------+--------+--------+--------+--------+-----+--------+

Top non-repeatable levels by time:
     D:2: 931 daAuts
     D:1: 896 daAuts
     D:3: 373 daAuts
